 Dungeon Sprint DCSS version 0.22.1-6-g1668fe2 (webtiles) character file.

64 doot the Shield-Bearer (level 4, 0/43 HPs)
             Began as a Gnoll Fighter on Jan 24, 2019.
             Was an Initiate of Makhleb.
             Killed from afar by a deep elf mage (16 damage)
             ... with a bolt of fire
             ... in the Dungeon (Sprint V: "Ziggurat Sprint").
             The game lasted 00:03:30 (267 turns).

doot the Shield-Bearer (Gnoll Fighter)               Turns: 267, Time: 00:03:31

Health: 0/43       AC: 20    Str: 19    XL:     4   Next: 12%
Magic:  7/7        EV:  2    Int: 11    God:    Makhleb [......]
Gold:   0          SH: 15    Dex: 26    Spells: 7/7 levels left

rFire    + . .     SeeInvis .   K - +5 demon whip
rCold    + . .     Gourm    .   M - +3 shield
rNeg     . . .     Faith    .   N - +5 gold dragon scales
rPois    +         Spirit   .   (no helmet)
rElec    .         Reflect  .   (no cloak)
rCorr    .         Harm     .   (no gloves)
MR       .....     NoTele   +   (no boots)
Stlth    ..........             (no amulet)
HPRegen  0.14/turn              y - +6 ring of dexterity
MPRegen  0.10/turn              x - +6 ring of dexterity

@: no status effects
A: distributed training, fangs 1, strong nose
a: Renounce Religion


You were in the Dungeon.
You worshipped Makhleb.
Makhleb was noncommittal.
You were not hungry.

You visited 1 branch

Inventory:

Hand Weapons
 a - a +0 war axe
 I - the +6 Majin-Bo {vamp, Archmagi MP+6 Int+6}
   (You found it in the Dungeon)

   It inflicts no extra harm, but heals its wielder when it wounds a living foe.
   It affects your intelligence (+6).
   It affects your magic capacity (+6).
 J - the +10 dark maul {crush}
   (You found it in the Dungeon)

   It inflicts extra damage upon your enemies.
 K - a +5 demon whip (weapon)
Armour
 b - a +0 scale mail
 c - a +0 shield
 L - a +3 large shield
 M - a +3 shield (worn)
 N - +5 gold dragon scales (worn)
Magical Staves
 D - an uncursed staff of energy
Jewellery
 x - a +6 ring of dexterity (right hand)
 y - a +6 ring of dexterity (left hand)
 z - a +6 ring of intelligence
 A - a +6 ring of intelligence
 B - a +6 ring of strength
 C - a +6 ring of strength
 O - an uncursed ring of flight
Wands
 F - a wand of disintegration (7)
 G - a wand of iceblast (7)
 H - a wand of acid (7)
Scrolls
 k - 4 scrolls of blinking
 q - 4 scrolls of amnesia
 r - 7 scrolls of fog
 s - a scroll of holy word
 t - 5 scrolls of identify
 u - 5 scrolls of remove curse
 v - 2 scrolls of fear
Potions
 d - 6 potions of might
 e - 10 potions of curing
 g - 10 potions of heal wounds
 h - 6 potions of haste
 i - 7 potions of magic
 j - 3 potions of berserk rage
 l - 2 potions of brilliance
 m - 2 potions of invisibility
 n - 4 potions of resistance
 o - a potion of experience
 p - 5 potions of agility
Miscellaneous
 w - a lightning rod (4/4)
 E - a crystal ball of energy
Comestibles
 f - 7 rations


   Skills:
 + Level 7.0 Fighting
 + Level 2.3 Short Blades
 + Level 2.3 Long Blades
 + Level 5.2 Axes
 + Level 2.3 Maces & Flails
 + Level 2.3 Polearms
 + Level 2.3 Staves
 + Level 2.3 Slings
 + Level 2.3 Bows
 + Level 2.3 Crossbows
 + Level 2.3 Throwing
 + Level 7.0 Armour
 + Level 2.3 Dodging
 + Level 2.3 Stealth
 + Level 7.0 Shields
 + Level 2.3 Unarmed Combat
 + Level 2.3 Spellcasting
 + Level 1.9 Conjurations
 + Level 1.9 Hexes
 + Level 1.9 Charms
 + Level 1.9 Summonings
 + Level 1.9 Necromancy
 + Level 1.9 Translocations
 + Level 1.9 Transmutations
 + Level 1.9 Fire Magic
 + Level 1.9 Ice Magic
 + Level 1.9 Air Magic
 + Level 1.9 Earth Magic
 + Level 1.9 Poison Magic
 + Level 2.6 Invocations
 + Level 2.3 Evocations


You had 7 spell levels left.
You didn't know any spells.
Your spell library contained the following spells:

 Spells                   Type           Power        Failure   Level  Hunger
 Static Discharge         Conj/Air       #.......     100%        3    ####...
 Lightning Bolt           Conj/Air       #.........   100%        5    ######.
 Ignition                 Fire           #.........   100%        8    #######
 Shatter                  Erth           #.........   100%        9    #######
 Tornado                  Air            #.........   100%        9    #######


Dungeon Overview and Level Annotations

Branches:
Dungeon (1/1)

Altars:
Ashenzari
Cheibriados
Dithmenos
Elyvilon
Fedhas
Gozag
Hepliaklqana
Kikubaaqudgha
Makhleb
Nemelex Xobeh
Okawaru
Qazlal
Ru
Sif Muna
Trog
Uskayaw
Vehumet
Wu Jian
Xom
Yredelemnul
Zin
The Shining One
Beogh
Jiyva
Lugonu

Annotations:
D 1 transporter


Innate Abilities, Weirdness & Mutations

Your experience applies equally to all skills.
You have very sharp teeth.
Your uncanny sense of smell can sniff out nearby items.


Message History

You block the deep elf mage's attack. x2
The deep elf mage hits you with a +3 hand axe of freezing.
The deep elf mage hits you but does no damage.
The deep elf mage mumbles some strange words.
You hit the deep elf mage but do no damage.
The deep elf mage is severely wounded.
The deep elf mage gestures at you while chanting.
The bolt of magma hits you! You partially resist.
The deep elf mage mumbles some strange words.
The deep elf mage blinks!
The deep elf mage hits you but does no damage.
You block the deep elf mage's attack.
The deep elf mage hits you but does no damage.
Your gold dragon scales prevents you from hitting the deep elf mage.
You bite the deep elf mage.
The deep elf mage is severely wounded.
You block the fire elemental's attack.
The deep elf mage gestures at you while chanting.
The bolt of fire hits you! You resist.
You die...

▓▓▓▓▓▓▓▓▓▓▓▓▓
▓.8©8.▓.8©8.▓
∆∆∆
▓.:[).▓.....▓
∆
▓.....▓...[.▓
▓.e@..▓.....▓
▓.eEe.▓..††.▓
▓..§..▓..©..▓
▓..©§.▓▓▓▓▓▓▓
▓▓▓▓▓▓▓ ∆∆∆
∆∆∆ ∆ ∆ ∆


You could see 3 deep elf magi and a fire elemental.

Vanquished Creatures
  A bullfrog (D)
  A jackal (D)
2 creatures vanquished.

Notes
Turn   | Place    | Note
-------+----------+-------------------------------------------
     0 | D        | Found the +6 Majin-Bo {vamp, Archmagi MP+6 Int+6}
     0 | D        | Found the +7 great mace "Firestarter" {inner flame, rF++}
     0 | D        | doot the Gnoll Fighter began the quest for the Orb.
     0 | D        | Reached XP level 1. HP: 23/23 MP: 1/1
     0 | D        | Found a blossoming altar of Fedhas.
     1 | D        | Found a deep blue altar of Sif Muna.
     1 | D        | Found a sacrificial altar of Ru.
     1 | D        | Found a bloodstained altar of Trog.
     1 | D        | Found a stormy altar of Qazlal.
     1 | D        | Found an iron altar of Okawaru.
     1 | D        | Found a sparkling altar of Nemelex Xobeh.
     3 | D        | Found a transporter.
     3 | D        | Found an ancient bone altar of Kikubaaqudgha.
     3 | D        | Found a viscous altar of Jiyva.
     3 | D        | Found a corrupted altar of Lugonu.
     3 | D        | Found a hazy altar of Hepliaklqana.
     3 | D        | Found a burning altar of Makhleb.
     3 | D        | Found an opulent altar of Gozag.
    24 | D        | Found the +9 heavy crossbow "Sniper" {velocity, Acc+∞ SInv}
    24 | D        | Found the +10 dark maul {crush}
    24 | D        | Found the +15 Maxwell's patent armour {-Cast -Tele rElec
                  | MR+ rCorr}
    24 | D        | Found the +18 shield of the Gong {rElec rN+ MR+ EV-5}
    24 | D        | Found the cursed +14 obsidian axe {chop, +Fly SInv *Curse}
    38 | D        | Found the +6 shillelagh "Devastator" {shatter}
    38 | D        | Found the +11 plutonium sword {*Contam Stlth-}
    38 | D        | Found the +8 lance "Wyrmbane" {slay drac, rPois rF+ rC+
                  | AC+3}
    38 | D        | Found the +9 sword of Zonguldrok {reap}
    38 | D        | Found the cursed +13 scythe of Curses {drain, *Curse}
    38 | D        | Found the +0 sword of Power
    38 | D        | Found the +7 mace of Variability {chain chaos}
    38 | D        | Found the +7 Singing Sword
    38 | D        | Found the +7 longbow "Piercer" {penet, EV-2}
   176 | D        | Became a worshipper of Ru the Awakened
   186 | D        | Fell from the grace of Ru
   186 | D        | Became a worshipper of Makhleb the Destroyer
   194 | D        | Entered arena 2.
   194 | D        | Noticed a bullfrog
   194 | D        | Found a transporter.
   198 | D        | Killed a bullfrog
   198 | D        | Reached skill level 5 in Axes
   198 | D        | Reached skill level 1 in Conjurations
   198 | D        | Reached skill level 1 in Hexes
   198 | D        | Reached skill level 1 in Charms
   198 | D        | Reached skill level 1 in Summonings
   198 | D        | Reached skill level 1 in Necromancy
   198 | D        | Reached skill level 1 in Translocations
   198 | D        | Reached skill level 1 in Transmutations
   198 | D        | Reached skill level 1 in Fire Magic
   198 | D        | Reached skill level 1 in Ice Magic
   198 | D        | Reached skill level 1 in Air Magic
   198 | D        | Reached skill level 1 in Earth Magic
   198 | D        | Reached skill level 1 in Poison Magic
   198 | D        | Reached XP level 2. HP: 31/31 MP: 1/5
   198 | D        | Reached XP level 3. HP: 36/36 MP: 1/6
   198 | D        | Reached XP level 4. HP: 43/43 MP: 1/7
   259 | D        | Entered arena 3.
   259 | D        | Noticed a deep elf mage
   259 | D        | Noticed a deep elf mage
   259 | D        | Noticed a deep elf mage
   259 | D        | Found a transporter.
   265 | D        | Noticed a fire elemental
   267 | D        | Killed from afar by a deep elf mage

Skill      XL: |  1 |
---------------+----+-----
Fighting       | 7 |  7.0
Short Blades   | 2 |  2.3
Long Blades    | 2 |  2.3
Axes           | 5 |  5.2
Maces & Flails | 2 |  2.3
Polearms       | 2 |  2.3
Staves         | 2 |  2.3
Slings         | 2 |  2.3
Bows           | 2 |  2.3
Crossbows      | 2 |  2.3
Throwing       | 2 |  2.3
Armour         | 7 |  7.0
Dodging        | 2 |  2.3
Stealth        | 2 |  2.3
Shields        | 7 |  7.0
Unarmed Combat | 2 |  2.3
Spellcasting   | 2 |  2.3
Conjurations   | 1 |  1.9
Hexes          | 1 |  1.9
Charms         | 1 |  1.9
Summonings     | 1 |  1.9
Necromancy     | 1 |  1.9
Translocations | 1 |  1.9
Transmutations | 1 |  1.9
Fire Magic     | 1 |  1.9
Ice Magic      | 1 |  1.9
Air Magic      | 1 |  1.9
Earth Magic    | 1 |  1.9
Poison Magic   | 1 |  1.9
Invocations    | 2 |  2.6
Evocations     | 2 |  2.3

Action                   |  1- 3 |  4- 6 || total
-------------------------+-------+-------++-------
Melee: Demon whip        |     3 |     7 ||    10
       Bite              |       |     2 ||     2
Armor: Gold dragon scale |     2 |     7 ||     9
Dodge: Dodged            |     1 |       ||     1
Block: Shield            |     5 |     5 ||    10
